 Dungeon Crawl Stone Soup version 0.29-a0-330-g52719c12eb (webtiles) character file.

Game seed: 10217952550796109460

42028 Crownlay the Earth Mage (level 14, 0/68 HPs)
             Began as a Gargoyle Earth Elementalist on Apr 18, 2022.
             Was a High Priest of Vehumet.
             Slain by a seven-headed hydra (4 damage)
             ... on level 2 of the Lair of Beasts.
             The game lasted 00:46:04 (18378 turns).

Crownlay the Earth Mage (GrEE)                     Turns: 18378, Time: 00:46:05

Health: 0/68       AC: 24    Str: 10    XL:     14   Next: 18%
Magic:  39/49      EV: 12    Int: 27    God:    Vehumet [*****.]
Gold:   464        SH:  0    Dex: 14    Spells: 10/40 levels left

rFire   + + +      SeeInvis +   S - +4 long sword of the Candelabrum {elec, rF+++ MP+9 Str-2 Dex+4}
rCold   . . .      Faith    +   J - orb {light}
rNeg    + . .      Spirit   .   x - +5 steam dragon scales
rPois   ∞          Reflect  .   R - +2 hat {SInv}
rElec   +          Harm     .   n - +0 cloak
rCorr   +          Rampage  .   y - +0 pair of gloves "Vuon Moa" {Will+ rCorr}
Will    ++...                   (no boots)
Stlth   +.........              c - amulet of Poim {Faith rCorr}
HPRegen 0.21/turn               l - ring of magical power
MPRegen 0.31/turn               P - +6 ring of intelligence

@: on blink cooldown, flying, glowing
A: sickness immunity, AC +10, big wings, negative energy resistance 1,
electricity resistance, torment resistance 1, petrification resistance
a: Renounce Religion


You were on level 2 of the Lair of Beasts.
You worshipped Vehumet.
Vehumet was extremely pleased with you.
You visited 3 branches of the dungeon, and saw 15 of its levels.
You also visited: Sewer, Bailey and Gauntlet.

You collected 806 gold pieces.
You spent 342 gold pieces at shops.

Inventory:

Hand Weapons
 S - the +4 long sword of the Candelabrum (weapon) {elec, rF+++ MP+9 Str-2 Dex+4}
   (You found it in a Gauntlet)

   It occasionally discharges a powerful burst of electricity upon striking a
   foe.
   Str:       It affects your strength (-2).
   Dex:       It affects your dexterity (+4).
   rF:        It renders you almost immune to fire.
   MP:        It affects your magic capacity (+9).
Missiles
 a - 186 stones
 k - a throwing net
Armour
 n - a +0 cloak (worn)
 x - +5 steam dragon scales (worn)
 y - the +0 pair of gloves "Vuon Moa" (worn) {Will+ rCorr}
   (You found it in a Gauntlet)

   rCorr:     It protects you from acid and corrosion.
   Will:      It increases your willpower.
 J - an orb of light (worn)
 O - the +10 chain mail of Qodimago {+Blink rC++ Stlth+}
   (You took it off a minotaur in a Gauntlet)

   rC:        It greatly protects you from cold.
   +Blink:    It lets you blink.
   Stlth:     It makes you more stealthy.
 R - a +2 hat of see invisible (worn)
 T - the +4 swamp dragon scales of Vaim {rPois rF+ Will+ Str+4 Slay-2}
   (You found it in a Gauntlet)

   Str:       It affects your strength (+4).
   Slay:      It affects your accuracy & damage with ranged weapons and melee
   (-2).
   rF:        It protects you from fire.
   rPois:     It protects you from poison.
   Will:      It increases your willpower.
 U - a +0 tower shield of reflection
Magical Staves
 e - a staff of death
Jewellery
 c - the amulet of Poim (around neck) {Faith rCorr}
   (You found it in a Gauntlet)

   [amulet of faith]

   It allows you to gain divine favour quickly.
   rCorr:     It protects you from acid and corrosion.
 f - a ring of protection from cold
 l - a ring of magical power (left hand)
 P - a +6 ring of intelligence (right hand)
Wands
 t - a wand of flame (22)
 z - a wand of digging (6)
 G - a wand of polymorph (14)
 K - a wand of mindburst (7)
Scrolls
 g - a scroll of identify
 i - 5 scrolls of blinking
 m - 9 scrolls of teleportation
 u - 3 scrolls of fear
 v - 3 scrolls of holy word
 D - a scroll of enchant armour
 E - 2 scrolls of fog
Potions
 b - 3 potions of curing
 d - a potion of cancellation
 h - 4 potions of mutation
 j - 4 potions of flight
 o - 2 potions of heal wounds
 p - a potion of haste
 q - 5 potions of brilliance
 r - 3 potions of ambrosia
 s - 2 potions of berserk rage {unknown}
 I - 2 potions of lignification {unknown}
Miscellaneous
 C - a condenser vane


   Skills:
 - Level 1.5 Dodging
 - Level 2.1 Stealth
 * Level 13.6 Spellcasting
 * Level 9.5 Conjurations
 - Level 8.0 Transmutations
 + Level 15.3 Earth Magic


You had 10 spell levels left.
You knew the following spells:

 Your Spells              Type           Power      Damage    Failure   Level
a - Sandblast             Erth           100%       2d20      0%          1
b - Stone Arrow           Conj/Erth      100%       3d13      1%          3
c - Blink                 Tloc           36%        N/A       4%          2
d - Petrify               Tmut/Erth      69%        N/A       1%          4
e - Leda's Liquefaction   Hex/Erth       28%        N/A       1%          4
f - Dazzling Flash        Conj/Hex       88%        N/A       1%          3
g - Fireball              Conj/Fire      22%        3d10      3%          5
h - Lehudib's Crystal Sp  Conj/Erth      36%        10d9      28%         8

Your spell library contained the following spells:

 Spells                   Type           Power      Damage    Failure   Level
 Conjure Ball Lightning   Conj/Air       22%        3x3d6     17%         6
 Magic Dart               Conj           100%       1d8       1%          1
 Sting                    Tmut/Pois      100%       1d8       1%          1
 Passwall                 Tmut/Erth      57%        N/A       1%          2
 Searing Ray              Conj           100%       2d8       1%          2
 Ignite Poison            Fire/Tmut/Pois 32%        N/A       1%          3
 Fulminant Prism          Conj/Hex       22%        3d13      1%          4
 Animate Skeleton         Necr           36%        N/A       3%          1
 Apportation              Tloc           36%        N/A       3%          1
 Summon Small Mammal      Summ           72%        N/A       3%          1
 Yara's Violent Unravell  Hex/Tmut       20%        3d9       4%          5
 Ice Form                 Ice/Tmut       40%        N/A       6%          4
 Lesser Beckoning         Tloc           18%        N/A       9%          3
 Tukima's Dance           Hex            18%        N/A       9%          3
 Passage of Golubria      Tloc           18%        N/A       30%         4
 Manifold Assault         Tloc           18%        N/A       63%         5
 Metabolic Englaciation   Hex/Ice        9%         N/A       63%         5
 Silence                  Hex/Air        9%         N/A       63%         5
 Shatter                  Erth           39%        3d31*     77%         9
 Statue Form              Tmut/Erth      Unusable   N/A       N/A         6

Dungeon Overview and Level Annotations

Branches:
Dungeon (12/15)            Temple (1/1) D:6            Lair (2/6) D:11
    Orc (0/2) D:9           Sewer (visited)          Bailey (visited)
Gauntlet (visited)
  Swamp: Lair:2-4    Shoals: Lair:2-4     Snake: Lair:2-4    Spider: Lair:2-4

Altars:
Ashenzari
Cheibriados
Dithmenos
Elyvilon
Fedhas
Gozag
Hepliaklqana
Kikubaaqudgha
Makhleb
Nemelex Xobeh
Okawaru
Qazlal
Ru
Sif Muna
Trog
Uskayaw
Vehumet
Wu Jian
Yredelemnul
Zin
The Shining One

Shops:
D:4 *   D:7 ?


Innate Abilities, Weirdness & Mutations

You are immune to sickness and miasma.
Your stone body is resilient. (AC +10)
You are immune to poison.
Your large and strong wings let you fly.
You resist negative energy. (rN+)
You are resistant to electric shocks. (rElec)
You are resistant to unholy torment.
You are immune to petrification.


Message History

The cane toad is almost dead.
The cane toad stings you.
The stone arrow hits the cane toad!!
You kill the cane toad!
Vehumet accepts your kill.
You feel your power returning.
You can't see any susceptible monsters within range! (Use Z to cast anyway.)
Found a plate armour.
Found a ring mail.
A seven-headed hydra comes into view.
The seven-headed hydra roars!
The seven-headed hydra moves out of view.
A seven-headed hydra is nearby!
The stone arrow hits the seven-headed hydra!!
The seven-headed hydra is moderately wounded.
A bullfrog comes into view.
The stone arrow hits the seven-headed hydra!!
The seven-headed hydra is heavily wounded.
The bullfrog gives a loud, deep croak!
The seven-headed hydra bites you. The seven-headed hydra misses you.
The seven-headed hydra bites you but does no damage.
The seven-headed hydra misses you. The seven-headed hydra bites you.
The seven-headed hydra closely misses you. x2
The stone arrow hits the seven-headed hydra!
The seven-headed hydra is severely wounded.
The seven-headed hydra bites you! x2
The seven-headed hydra closely misses you.
The seven-headed hydra bites you. x2; The seven-headed hydra bites you!
* * * LOW HITPOINT WARNING * * *
The seven-headed hydra bites you!
* * * LOW HITPOINT WARNING * * *
You are too injured to fight recklessly!
Casting: Stone Arrow (safe; 1% risk of failure)
Confirm with . or Enter, or press ? or * to list all spells.
You blink.
The seven-headed hydra closely misses you.
The seven-headed hydra bites you.
* * * LOW HITPOINT WARNING * * *
The seven-headed hydra bites you.
You die...

##### ##P#.######
.......##.#########
##.##.........§D..###
....##..#P.#####@F..#
##.###.####.##
##.......
...######†...##
#.####.
..<...........# ##
..###†###.....# ##
##.####.###
.####..####.#
.........##.#
.###..##.#..##


You could see a seven-headed hydra and a bullfrog.

Vanquished Creatures
  An orc warlord (Bailey)
  A minotaur (Gauntlet)
  Erica (D:8)
  A centaur warrior (D:12)
  2 two-headed ogres (D:11)
  Sonja (Lair:1)
  Amaemon (Lair:1)
  A fire crab (Gauntlet)
  An ugly thing (D:12)
  A cyclops (D:12)
  4 slime creatures (D:12)
  4 cane toads
  A komodo dragon (Lair:1)
  A black mamba (Lair:2)
  A gargoyle (D:12)
  An orange demon (Lair:1)
  Maggie (D:6)
  An unseen horror (D:12)
  Psyche (D:8)
  3 trolls
  A hellwing (Gauntlet)
  Prince Ribbit (Lair:2)
  Grinder (D:4)
  A polar bear (Lair:1)
  12 blink frogs (Lair:2)
  3 hornets
  Sigmund (D:6)
  2 wyverns (Lair:2)
  2 basilisks
  12 yaks
  Eustachio (D:6)
  A steam dragon (D:10)
  4 vampire mosquitoes (D:11)
  Menkaure (D:6)
  3 fire bats (Gauntlet)
  3 acid dragons
  Edmund (D:6)
  9 water moccasins
  3 hell hounds (Gauntlet)
  8 orc warriors
  Duvessa (D:4)
  2 ice beasts
  4 sky beasts
  A black bear (D:5)
  5 boggarts (D:12)
  3 ogres
  9 wolves (Lair:2)
  9 centaurs
  A phantom (D:4)
  A kobold brigand (D:11)
  Blork the orc (D:4)
  2 scorpions (D:6)
  5 bullfrogs
  A gnoll sergeant (D:8)
  13 wights
  Dowan (D:4)
  18 killer bees
  6 howler monkeys
  6 orc priests
  A gnoll shaman (D:4)
  4 hounds
  4 jellies
  4 iguanas
  4 orc wizards
  4 adders
  10 gnolls
  A shadow imp (Gauntlet)
  A white imp (D:6)
  2 ufetubi (D:5)
  5 dart slugs
  50 orcs
  5 endoplasms
  6 giant cockroaches
  11 goblins
  5 hobgoblins
  2 jackals (D:2)
  23 kobolds
  6 quokkas
  6 ball pythons
  7 bats
  3 frilled lizards
  4 rats
356 creatures vanquished.

Vanquished Creatures (others)
  A wizard (D:5)
  A bush (Lair:2)
  10 fungi (Lair:2)
  27 plants
  A withered plant (D:3)
40 creatures vanquished.

Grand Total: 396 creatures vanquished

Notes
Turn   | Place    | Note
-------+----------+-------------------------------------------
     0 | D:1      | Crownlay the Gargoyle Earth Elementalist began the quest
                  | for the Orb.
     0 | D:1      | Reached XP level 1. HP: 10/10 MP: 3/3
    85 | D:1      | Reached XP level 2. HP: 12/15 MP: 5/5
   317 | D:1      | Reached skill level 4 in Earth Magic
   619 | D:1      | Reached XP level 3. HP: 16/19 MP: 7/7
   894 | D:2      | Found a faded altar of an unknown god.
  1345 | D:2      | Found a white marble altar of Elyvilon.
  1597 | D:2      | Learned a level 3 spell: Stone Arrow
  1823 | D:3      | Found a blossoming altar of Fedhas.
  1824 | D:3      | Found an ancient bone altar of Kikubaaqudgha.
  2051 | D:3      | Reached XP level 4. HP: 24/24 MP: 9/9
  2055 | D:3      | Reached skill level 1 in Transmutations
  2174 | D:3      | Reached XP level 5. HP: 26/28 MP: 10/10
  2252 | D:3      | Found a shadowy altar of Dithmenos.
  2721 | D:4      | Noticed Blork the orc
  2728 | D:4      | Killed Blork the orc
  2729 | D:4      | Reached skill level 5 in Earth Magic
  2905 | D:4      | Reached XP level 6. HP: 32/32 MP: 12/12
  2949 | D:4      | Noticed Grinder
  2954 | D:4      | Noticed Duvessa
  2955 | D:4      | Noticed Dowan
  2958 | D:4      | Killed Grinder
  2959 | D:4      | Reached skill level 5 in Spellcasting
  2959 | D:4      | Reached XP level 7. HP: 36/36 MP: 14/14
  2965 | D:4      | Killed Duvessa
  2980 | D:4      | Killed Dowan
  3166 | D:4      | Found Feeb's Lightly-Used Armoury.
  3285 | D:4      | Reached skill level 6 in Earth Magic
  4018 | D:5      | Entered Level 5 of the Dungeon
  4199 | D:5      | Found a bloodstained altar of Trog.
  4268 | D:5      | Reached XP level 8. HP: 41/41 MP: 17/17
  4294 | D:5      | Found a glowing drain.
  4307 | Sewer    | Entered a sewer
  4877 | D:5      | Noticed a yak
  5185 | D:5      | Found a glowing golden altar of the Shining One.
  5211 | D:5      | Noticed a yak
  5225 | D:5      | Killed a yak
  5310 | D:5      | Noticed a yak
  5311 | D:5      | Noticed a yak
  5313 | D:5      | Noticed a yak
  5319 | D:5      | Killed a yak
  5320 | D:5      | Reached skill level 7 in Earth Magic
  5328 | D:5      | Killed a yak
  5334 | D:5      | Killed a yak
  5335 | D:5      | Reached skill level 5 in Transmutations
  5335 | D:5      | Reached XP level 9. HP: 15/45 MP: 0/20
  5339 | D:5      | HP: 1/45 [yak (14)]
  5803 | D:5      | Found a sparkling altar of Nemelex Xobeh.
  6103 | D:5      | Noticed a wizard
  6105 | D:5      | Killed a wizard
  6192 | D:6      | Noticed Sigmund
  6195 | D:6      | Killed Sigmund
  6233 | D:6      | Reached skill level 8 in Earth Magic
  6359 | D:6      | Noticed Maggie
  6363 | D:6      | Killed Maggie
  6543 | D:6      | Learned a level 2 spell: Blink
  6833 | D:6      | Identified the +0 robe of the Learner {Contam Fly rN+
                  | Stlth+}
  6851 | D:6      | Found a glowing silver altar of Zin.
  6851 | D:6      | Noticed Edmund
  6860 | D:6      | Killed Edmund
  7027 | D:6      | Found a staircase to the Ecumenical Temple.
  7152 | Temple   | Entered the Ecumenical Temple
  7172 | Temple   | Became a worshipper of Vehumet
  7237 | D:6      | Noticed Eustachio
  7242 | D:6      | Killed Eustachio
  7257 | D:6      | Noticed Menkaure
  7262 | D:6      | Killed Menkaure
  7268 | D:6      | Reached XP level 10. HP: 40/50 MP: 9/23
  7393 | D:6      | Reached skill level 9 in Earth Magic
  8097 | D:7      | Found a sacrificial altar of Ru.
  8199 | D:7      | Found Ylafypaw's Magic Scroll Shop.
  8207 | D:7      | Bought a scroll of magic mapping for 42 gold pieces
  8207 | D:7      | Bought a scroll of noise for 12 gold pieces
  8207 | D:7      | Bought a scroll of holy word for 90 gold pieces
  8207 | D:7      | Bought a scroll of immolation for 42 gold pieces
  8207 | D:7      | Bought a scroll of fear for 42 gold pieces
  8207 | D:7      | Bought a scroll of identify for 24 gold pieces
  8207 | D:7      | Bought a scroll of enchant weapon for 90 gold pieces
  8384 | D:7      | Identified the +1 robe of the Carpenter {-Tele Harm rC+
                  | rCorr}
  9192 | D:8      | Noticed Erica
  9199 | D:8      | Reached skill level 10 in Spellcasting
  9204 | D:8      | Killed Erica
  9274 | D:8      | Found a flagged portal.
  9281 | Bailey   | Entered a bailey
  9286 | Bailey   | Noticed an orc warlord
  9289 | Bailey   | Reached * piety under Vehumet
  9289 | Bailey   | Offered knowledge of Shock by Vehumet.
  9583 | Bailey   | Found a runed translucent gate.
  9583 | Bailey   | Found a runed translucent gate.
  9583 | Bailey   | Found a runed translucent gate.
  9750 | Bailey   | Learned a level 4 spell: Petrify
  9939 | Bailey   | Killed an orc warlord
  9940 | Bailey   | Reached skill level 10 in Earth Magic
  9940 | Bailey   | Reached XP level 11. HP: 27/54 MP: 2/25
  9964 | Bailey   | Identified the +0 helmet "Usim" {Rampage Str+3}
  9976 | Bailey   | Acquired the Grimoire of Dusty Enchantment
  9983 | Bailey   | Learned a level 4 spell: Leda's Liquefaction
 10174 | D:8      | Noticed Psyche
 10184 | D:8      | Killed Psyche
 10437 | D:8      | Offered knowledge of Searing Ray by Vehumet.
 10507 | D:8      | Reached ** piety under Vehumet
 10757 | D:8      | Found a hide-covered altar of Uskayaw.
 10878 | D:8      | Identified the ring of Join {rC+ Str+8 Dex-4 SInv}
 11502 | D:9      | Found a staircase to the Orcish Mines.
 11781 | D:9      | Offered knowledge of Ignite Poison by Vehumet.
 12069 | D:9      | Reached skill level 1 in Conjurations
 12162 | D:9      | Found a hazy altar of Hepliaklqana.
 12232 | D:9      | Reached *** piety under Vehumet
 12579 | D:10     | Entered Level 10 of the Dungeon
 13000 | D:10     | Reached skill level 11 in Earth Magic
 13061 | D:10     | Offered knowledge of Dazzling Flash by Vehumet.
 13090 | D:10     | Learned a level 3 spell: Dazzling Flash
 13270 | D:11     | Found a gate leading to a gauntlet.
 13277 | D:11     | Noticed a two-headed ogre
 13283 | D:11     | Killed a two-headed ogre
 13287 | Gauntlet | Entered a Gauntlet
 13287 | Gauntlet | Noticed a soul eater
 13287 | Gauntlet | Noticed a fire crab
 13287 | Gauntlet | Found a transporter.
 13287 | Gauntlet | Found a transporter.
 13287 | Gauntlet | Found a transporter.
 13325 | Gauntlet | Found a transporter.
 13325 | Gauntlet | Found a transporter.
 13329 | Gauntlet | Noticed a death scarab
 13330 | Gauntlet | Noticed a reaper
 13336 | Gauntlet | Found a transporter.
 13349 | Gauntlet | Noticed a spectral death yak
 13357 | Gauntlet | Found a transporter.
 13379 | Gauntlet | Found a transporter.
 13396 | Gauntlet | Found a transporter.
 13404 | Gauntlet | Found a transporter.
 13421 | Gauntlet | Found a transporter.
 13475 | Gauntlet | Found a transporter.
 13791 | Gauntlet | Killed a fire crab
 13813 | Gauntlet | Identified the amulet of Poim {Faith rCorr}
 13995 | Gauntlet | Identified the +0 pair of gloves "Vuon Moa" {Will+ rCorr}
 14121 | Gauntlet | Identified the +10 chain mail of Qodimago {+Blink rC++
                  | Stlth+}
 14121 | Gauntlet | Identified the ring "Ifufrin" {Ice rElec}
 14121 | Gauntlet | Noticed a minotaur
 14130 | Gauntlet | Killed a minotaur
 14131 | Gauntlet | Reached skill level 5 in Conjurations
 14131 | Gauntlet | Reached XP level 12. HP: 40/59 MP: 19/28
 14244 | Gauntlet | Got Sif Muna's Almanac of Transformation
 14260 | Gauntlet | Identified the +4 long sword of the Candelabrum {elec,
                  | rF+++ MP+9 Str-2 Dex+4}
 14260 | Gauntlet | Identified the +4 swamp dragon scales of Vaim {rPois rF+
                  | Will+ Str+4 Slay-2}
 14297 | D:11     | Found a staircase to the Lair.
 14727 | D:11     | Noticed a two-headed ogre
 14732 | D:11     | Killed a two-headed ogre
 15341 | D:12     | Noticed a centaur warrior
 15345 | D:12     | Killed a centaur warrior
 15351 | D:12     | Noticed a two-headed ogre
 15362 | D:12     | Noticed an ogre mage
 15362 | D:12     | Noticed a two-headed ogre
 15362 | D:12     | Noticed a two-headed ogre
 15362 | D:12     | Reached **** piety under Vehumet
 15362 | D:12     | Noticed a two-headed ogre
 15733 | D:12     | Offered knowledge of Fireball by Vehumet.
 16073 | D:12     | Reached skill level 12 in Earth Magic
 16079 | D:12     | Learned a level 5 spell: Fireball
 16590 | Lair:1   | Entered Level 1 of the Lair of Beasts
 16679 | Lair:1   | Noticed Amaemon
 16691 | Lair:1   | Killed Amaemon
 16902 | Lair:1   | Learned a level 8 spell: Lehudib's Crystal Spear
 17110 | Lair:1   | Noticed Sonja
 17115 | Lair:1   | Killed Sonja
 17299 | Lair:1   | Reached skill level 15 in Earth Magic
 17299 | Lair:1   | Reached XP level 13. HP: 63/63 MP: 30/30
 17418 | Lair:2   | Noticed Prince Ribbit
 17426 | Lair:2   | Killed Prince Ribbit
 17541 | Lair:2   | Gained mutation: Your large and strong wings let you fly.
                  | [Gargoyle growth]
 17541 | Lair:2   | Reached XP level 14. HP: 65/68 MP: 31/31
 17710 | Lair:2   | Reached ***** piety under Vehumet
 17710 | Lair:2   | Offered knowledge of Conjure Ball Lightning by Vehumet.
 18378 | Lair:2   | Slain by a seven-headed hydra

Illustrated notes

Levels and vault maps discovered:
D:1:      lightli_arrival_lavapool, layout_rooms
D:2:      minmay_spotlight, layout_rooms, basic_altar,
          nicolae_ecumenical_pavilion
D:3:      wad_lake_hut, layout_rooms, grunt_temple_overflow_growth_and_decay,
          grunt_dithmenos_smoke
D:4:      minmay_door_path, layout_basic, hangedman_decor_growths, minivault_4,
          minmay_shop_damaged, corexii_corridor_pit, uniq_grinder,
          uniq_blork_the_orc, uniq_duvessa
D:5:      layout_cave_pods, trog_wizard, mainiacjoe_overflow_alcove_4,
          tso_oasis_becter, portal_sewer_entry_f, due_unseen_surprise
D:6:      layout_basic, lemuel_crystal_altar, minmay_temple_entry_offerings,
          grunt_decor_cap, uniq_sigmund, uniq_maggie, uniq_edmund,
          uniq_eustachio, uniq_menkaure
D:7:      layout_loops_ring, mainiacjoe_overflow_surrounded_room, serial_shops,
          nicolae_shop_stone, dk_vineyard_2
D:8:      layout_basic, kennysheep_mini_moat, enter_bailey_3, centaur_isle,
          uniq_erica, uniq_psyche
D:9:      layout_rooms, nicolae_hepliaklqana_hazy_memory, columned_hall_lemuel,
          serial_park_tiny_1, grunt_decor_junction, lightli_orcish_oven
D:10:     layout_rooms
D:11:     layout_gridville, lair_entry_dummy, gauntlet_entry_generic
D:12:     nicolae_cairo_tiling_very_big, layout_loops_ring,
          nicolae_figureground_sparkle
Temple:   minmay_temple_bridge_abc
Lair:1:   layout_misc_corridors, uniq_sonja, uniq_amaemon
Lair:2:   layout_loops_ring, uniq_prince_ribbit2

Skill      XL: |  1  2  3  4  5  6  7  8  9 10 11 12 13 14 |
---------------+-------------------------------------------+-----
Earth Magic    | 4 5 6 7 8 10 11 15 | 15.3
Spellcasting   | 3 4 5 6 7 9 10 12 13 | 13.6
Transmutations | 1 2 3 5 7 8 |  8.0
Conjurations   | 5 8 9 |  9.5
Dodging        | |  1.5
Stealth        | |  2.1

Action                   |  1- 3 |  4- 6 |  7- 9 | 10-12 | 13-15 || total
-------------------------+-------+-------+-------+-------+-------++-------
Melee: Short sword       |   137 |     4 |    75 |       |       ||   216
       Punch             |     3 |       |     1 |       |       ||     4
       Broad axe         |       |       |     2 |    30 |       ||    32
       Morningstar       |       |       |       |     5 |       ||     5
       Long sword        |       |       |       |       |     2 ||     2
 Cast: Sandblast         |    13 |    34 |    60 |   108 |    34 ||   249
       Stone Arrow       |       |       |    61 |   322 |    58 ||   441
       Petrify           |       |       |       |     2 |       ||     2
       Blink             |       |       |       |     2 |     1 ||     3
       Leda's Liquefacti |       |       |       |     1 |       ||     1
       Dazzling Flash    |       |       |       |     1 |       ||     1
Evoke: Wand              |       |       |       |     6 |       ||     6
  Use: Scroll            |     9 |       |     8 |    15 |     1 ||    33
       Potion            |       |       |       |     4 |       ||     4
 Stab: Sleeping          |     6 |     1 |     1 |       |       ||     8
       Petrified         |       |       |       |     4 |       ||     4
Armor: Robe              |    63 |     1 |    43 |       |       ||   107
       Steam dragon scal |       |       |     4 |   163 |    42 ||   209
Dodge: Dodged            |    95 |     8 |    66 |   168 |    41 ||   378

Table legend: (Time is in decaauts)
 A = Elapsed time spent in this place.
 B = Non-inter-level travel time spent in this place.
 C = Inter-level travel time spent in this place.
 D = Time resting spent in this place.
 E = Time spent auto-exploring this place.
 F = Levels seen in this place.
 G = Mean time per level.
                   A        B        C        D        E       F      G
               +--------+--------+--------+--------+--------+-----+--------+
         Total |  18499 |  17859 |    640 |    101 |  14548 |  18 | 1027.7 |
       Dungeon |  14633 |  14037 |    596 |      0 |  11952 |  12 | 1219.4 |
        Temple |     40 |     20 |     20 |      0 |     10 |   1 |   40.0 |
          Lair |   1788 |   1765 |     23 |      0 |   1535 |   2 |  894.0 |
         Sewer |    191 |    191 |      0 |      0 |    166 |   1 |  191.0 |
        Bailey |    867 |    867 |      0 |      0 |    495 |   1 |  867.0 |
      Gauntlet |    978 |    978 |      0 |    101 |    390 |   1 |  978.0 |
               +--------+--------+--------+--------+--------+-----+--------+

Top non-repeatable levels by time:
     D:5: 1715 daAuts
     D:6: 1700 daAuts
     D:4: 1643 daAuts
     D:8: 1541 daAuts
     D:7: 1233 daAuts
    D:12: 1208 daAuts
    D:11: 1154 daAuts
     D:9: 1063 daAuts
  Lair:2: 1053 daAuts
Gauntlet: 978 daAuts
     D:2: 933 daAuts
     D:1: 900 daAuts
     D:3: 870 daAuts
  Bailey: 867 daAuts
  Lair:1: 734 daAuts
